 Dungeon Crawl Stone Soup version 0.28.0-45-g0d030f2227 (webtiles) character file.

Game seed: 8661164313692386011

7317 Lamak the Carver (level 10, -3/92 HPs)
             Began as a Deep Dwarf Fighter on Apr 6, 2022.
             Was an Elder of Cheibriados.
             Slain by an elephant (10 damage)
             ... on level 10 of the Dungeon.
             The game lasted 01:44:32 (8169 turns).

Lamak the Carver (Deep Dwarf Fighter)               Turns: 8169, Time: 01:44:33

Health: -3/92      AC: 21    Str: 34    XL:     10   Next: 90%
Magic:  0/0        EV:  9    Int: 19    God:    Cheibriados [****..]
Gold:   433        SH:  7    Dex: 22    Spells: 9/9 levels left

rFire   + . .      SeeInvis .   j - +9 sword of Zonguldrok {reap}
rCold   + . .      Faith    .   c - +0 buckler
rNeg    + . .      Spirit   .   l - +0 plate armour
rPois   .          Reflect  .   k - +2 helmet
rElec   +          Harm     .   q - scarf {repulsion}
rCorr   .          Rampage  .   (no gloves)
Will    +....                   s - +2 pair of boots
Stlth   ..........              (no amulet)
HPRegen 0.00/turn               d - ring of flight
MPRegen 0.07/turn               e - ring of Altruism {rElec rF+ rC+ rN+}

@: flying, repel missiles, very slow
A: damage resistance, heal wounds, sense surroundings 2, no regeneration
a: Heal Wounds, Renounce Religion, Bend Time, Temporal Distortion, Slouch


You were on level 10 of the Dungeon.
You worshipped Cheibriados.
Cheibriados was greatly pleased with you.
You visited 2 branches of the dungeon, and saw 11 of its levels.

You collected 433 gold pieces.

Inventory:

Hand Weapons
 j - the +9 sword of Zonguldrok (weapon) {reap}
   (You acquired it on level 5 of the Dungeon)

   Any living foe damaged by it may be reanimated upon death as a zombie
   friendly to the wielder, with an increasing chance as more damage is dealt.
Missiles
 m - 2 javelins
 n - 15 poisoned darts (quivered)
 p - 4 curare-tipped darts
Armour
 c - a +0 buckler (worn)
 k - a +2 helmet (worn)
 l - a +0 plate armour (worn)
 q - a scarf of repulsion (worn)
 s - a +2 pair of boots (worn)
Jewellery
 d - a ring of flight (left hand)
 e - the ring of Altruism (right hand) {rElec rF+ rC+ rN+}
   (You acquired it on level 5 of the Dungeon)

   [ring of protection from cold]

   rF:        It protects you from fire.
   rC:        It protects you from cold.
   rElec:     It insulates you from electricity.
   rN:        It protects you from negative energy.
Scrolls
 b - a scroll of immolation
 f - a scroll of vulnerability
 g - a scroll of teleportation
 u - 3 scrolls of identify
Potions
 a - 2 potions of flight
 h - a potion of lignification
 i - a potion of curing
 r - a potion of might


   Skills:
 + Level 6.4 Fighting
 + Level 10.9 Long Blades
 + Level 3.1 Maces & Flails
 + Level 0.5 Throwing
 + Level 9.5 Armour
 + Level 2.6 Dodging
 + Level 1.4 Stealth
 + Level 6.2 Shields
 + Level 5.5 Evocations


You had 9 spell levels left.
You didn't know any spells.
Your spell library contained the following spells:

 Spells                   Type           Power      Damage    Failure   Level
 Magic Dart               Conj           0%         1d3       83%         1
 Summon Small Mammal      Summ           0%         N/A       83%         1
 Call Imp                 Summ           0%         N/A       93%         2
 Call Canine Familiar     Summ           0%         N/A       99%         3
 Mephitic Cloud           Conj/Pois/Air  0%         N/A       99%         3
 Stone Arrow              Conj/Erth      0%         3d7       99%         3
 Summon Guardian Golem    Hex/Summ       0%         N/A       99%         3
 Animate Armour           Summ/Erth      0%         N/A       100%        4
 Passage of Golubria      Tloc           0%         N/A       100%        4
 Petrify                  Tmut/Erth      0%         N/A       100%        4
 Metabolic Englaciation   Hex/Ice        0%         N/A       100%        5
 Silence                  Hex/Air        0%         N/A       100%        5
 Statue Form              Tmut/Erth      0%         N/A       100%        6
 Lehudib's Crystal Spear  Conj/Erth      0%         10d2      100%        8


Dungeon Overview and Level Annotations

Branches:
Dungeon (10/15)            Temple (1/1) D:5            Lair (0/6) D:10
    Orc: D:9-12

Altars:
Ashenzari
Cheibriados
Dithmenos
Elyvilon
Fedhas
Gozag
Hepliaklqana
Kikubaaqudgha
Makhleb
Nemelex Xobeh
Okawaru
Qazlal
Ru
Sif Muna
Trog
Uskayaw
Vehumet
Wu Jian
Xom
Yredelemnul
Zin
The Shining One


Innate Abilities, Weirdness & Mutations

You are resistant to damage.
You can heal yourself by infusing magical energy.
You passively map the area around you.
You do not regenerate.


Message History

The basilisk gazes at you.
The elephant trumpets!
The basilisk bites you.
* * * LOW HITPOINT WARNING * * *
The basilisk gazes at you. You resist with almost no effort.
The basilisk bites you but does no damage.
The basilisk gazes at you. You resist with almost no effort.
The black bear growls angrily.
The basilisk gazes at you. You resist with almost no effort.
The basilisk gazes at you.
You turn to flesh and can move again.
As you read the scroll of fog, it crumbles to dust.
The scroll dissolves into smoke.
The elephant barely misses you. x2
The basilisk closely misses you. You block the elephant's attack.
The elephant completely misses you. The elephant tramples you.
* * * LOW HITPOINT WARNING * * *
You hold your ground!
The elephant trunk-slaps you but does no damage.
The basilisk barely misses you.
The elephant tramples you but does no damage.
The elephant trunk-slaps you but does no damage.
The basilisk barely misses you. The black bear closely misses you.
The black bear claws you but does no damage. x2
You slash the elephant!
The elephant is lightly wounded.
You block the elephant's attack.
The elephant trunk-slaps you but does no damage.
The basilisk bites you.
* * * LOW HITPOINT WARNING * * *
The black bear barely misses you.
The black bear claws you but does no damage.
You block the black bear's attack.
You hit the black bear.
The black bear is lightly wounded.
The elephant tramples you!
You die...

.).#.##.#.#...........#
#.##.##.#.################
........#.# #..........#
#..#.####.# #..........#
##.#.# #.#####..........#
#.#.# #.....§§.§.......#
##.#.########.§§§§....(..#
..............§l§#########
#.............§Y@#
....>.......#...h#
............#....#
............#....#
...........§#.!..# * **
...###...####....# , ,
##.##.....# .....#
#.#.......#.....# *
#.#..P..P.#, , * ,


You could see an elephant, a basilisk and a black bear.

Vanquished Creatures
  A two-headed ogre (D:10)
  Joseph (D:8)
  Maggie (D:10)
  Prince Ribbit (D:8)
  A hornet (D:7)
  Sigmund (D:4)
  2 wyverns
  4 yaks (D:9)
  3 vampire mosquitoes (D:10)
  An acid dragon (D:9)
  2 water moccasins (D:7)
  2 orc warriors
  2 sky beasts
  A black bear (D:4)
  2 hornet zombies (D:6)
  An ice beast (D:6)
  2 necrophages
  An ogre (D:5)
  3 centaurs
  A phantom (D:5)
  3 kobold brigands
  Blork the orc (D:6)
  A bullfrog (D:7)
  2 scorpions
  A water moccasin zombie (D:5)
  5 wights (D:8)
  2 howler monkeys
  2 centaur zombies
  3 hounds
  2 centaur skeletons
  2 jellies
  11 orc priests
  A bullfrog skeleton (D:6)
  4 iguanas
  12 orc wizards
  3 howler monkey zombies
  Robin (D:3)
  2 adders
  3 gnolls (D:2)
  A shadow imp (D:5)
  A white imp (D:8)
  2 ufetubi (D:6)
  An adder skeleton (D:4)
  2 dart slugs (D:4)
  41 orcs
  An endoplasm (D:1)
  A giant cockroach (D:1)
  10 goblins
  7 hobgoblins
  6 jackals (D:1)
  31 kobolds
  A quokka (D:3)
  4 ball pythons
  4 bats (D:2)
  7 frilled lizards
  A rat (D:2)
215 creatures vanquished.

Vanquished Creatures (collateral kills)
  Menkaure (D:7)
  An ogre (D:7)
  A water moccasin zombie (D:7)
  A bullfrog zombie (D:7)
  2 jellies
  An orc (D:7)
  4 kobolds (D:7)
11 creatures vanquished.

Vanquished Creatures (others)
  29 plants (D:4)
29 creatures vanquished.

Grand Total: 255 creatures vanquished

Notes
Turn   | Place    | Note
-------+----------+-------------------------------------------
     0 | D:1      | Lamak the Deep Dwarf Fighter began the quest for the Orb.
     0 | D:1      | Reached XP level 1. HP: 20/20 MP: 1/1
    21 | D:1      | Reached XP level 2. HP: 24/27 MP: 2/2
   239 | D:2      | Reached XP level 3. HP: 34/34 MP: 1/1
   694 | D:3      | Reached XP level 4. HP: 42/42 MP: 2/2
   900 | D:3      | Reached skill level 3 in Long Blades
   981 | D:3      | Noticed Robin
   991 | D:3      | Killed Robin
  1482 | D:4      | Reached XP level 5. HP: 28/49 MP: 3/3
  1487 | D:4      | Reached skill level 4 in Long Blades
  1559 | D:4      | Reached XP level 6. HP: 34/56 MP: 4/4
  1609 | D:4      | Reached skill level 5 in Armour
  1609 | D:4      | Reached skill level 1 in Dodging
  1609 | D:4      | Reached skill level 1 in Evocations
  1795 | D:4      | Noticed Sigmund
  1807 | D:4      | Killed Sigmund
  1808 | D:4      | Reached skill level 5 in Long Blades
  1808 | D:4      | Reached XP level 7. HP: 42/63 MP: 4/4
  1970 | D:4      | Reached skill level 1 in Maces & Flails
  2654 | D:5      | Entered Level 5 of the Dungeon
  2679 | D:5      | Identified 2 scrolls of acquirement
  2679 | D:5      | Acquired the +9 sword of Zonguldrok {reap}
  2679 | D:5      | Found the +9 sword of Zonguldrok {reap}
  2683 | D:5      | Acquired the ring of Altruism {rElec rF+ rC+ rN+}
  2777 | D:5      | Reached XP level 8. HP: 72/72 MP: 4/4
  2975 | D:5      | Found a staircase to the Ecumenical Temple.
  3019 | Temple   | Entered the Ecumenical Temple
  3144 | Temple   | Became a worshipper of Cheibriados the Contemplative
  3764 | D:5      | Found a sparkling altar of Nemelex Xobeh.
  3957 | D:6      | Reached skill level 6 in Long Blades
  4062 | D:6      | Noticed Blork the orc
  4067 | D:6      | Reached * piety under Cheibriados
  4071 | D:6      | Killed Blork the orc
  4137 | D:6      | Reached skill level 1 in Stealth
  4144 | D:6      | Reached skill level 7 in Long Blades
  4144 | D:6      | Gained mutation: You passively map the area around you.
                  | [Deep Dwarf growth]
  4144 | D:6      | Reached XP level 9. HP: 71/79 MP: 4/4
  4625 | D:7      | Noticed Menkaure
  4644 | D:7      | Killed Menkaure
  4645 | D:7      | Reached skill level 5 in Shields
  4704 | D:7      | Reached skill level 5 in Fighting
  4735 | D:7      | Reached ** piety under Cheibriados
  5085 | D:7      | Reached skill level 8 in Long Blades
  5992 | D:8      | Reached *** piety under Cheibriados
  6015 | D:8      | Reached XP level 10. HP: 81/90 MP: 3/3
  6323 | D:8      | Noticed Prince Ribbit
  6334 | D:8      | Killed Prince Ribbit
  6337 | D:8      | Noticed Joseph
  6362 | D:8      | Killed Joseph
  6363 | D:8      | Reached skill level 9 in Long Blades
  7008 | D:9      | Noticed a two-headed ogre
  7042 | D:9      | Reached **** piety under Cheibriados
  7044 | D:9      | Reached skill level 5 in Evocations
  7047 | D:9      | Identified the +5 chain mail of Dawn {Will+ Str+3}
  7093 | D:9      | Acquired 424 gold pieces
  7353 | D:10     | Entered Level 10 of the Dungeon
  7353 | D:10     | Noticed a two-headed ogre
  7361 | D:10     | Killed a two-headed ogre
  7362 | D:10     | Reached skill level 10 in Long Blades
  7584 | D:10     | Noticed Maggie
  7590 | D:10     | Killed Maggie
  8026 | D:10     | Found a staircase to the Lair.
  8027 | D:10     | Noticed an elephant
  8169 | D:10     | Slain by an elephant

Illustrated notes

Levels and vault maps discovered:
D:1:      minmay_arrival_stone_box, layout_basic,
          dreamdust_ecumenical_altar_angels_and_demons
D:2:      layout_loops_ring
D:3:      layout_loops_ring, uniq_robin
D:4:      kennysheep_kobold_camp, layout_loops_corners, uniq_sigmund
D:5:      layout_basic, nemelex_spade_bored_becter,
          minmay_temple_entry_water_ring
D:6:      layout_layer_cave, minmay_diced_spiral, uniq_blork_the_orc
D:7:      layout_layer_cave, uniq_menkaure
D:8:      layout_loops_cross, uniq_prince_ribbit1, uniq_joseph
D:9:      layout_rooms, nicolae_fountain_basement
D:10:     layout_basic, david_lair_generic, kennysheep_pointless_box,
          uniq_maggie
Temple:   kilobyte_greek_temple

Skill      XL: |  1  2  3  4  5  6  7  8  9 10 |
---------------+-------------------------------+-----
Armour         | 4 5 6 7 9 |  9.5
Fighting       | 3 4 5 6 |  6.4
Long Blades    | 3 4 5 7 8 10 | 10.9
Dodging        | 1 2 |  2.6
Evocations     | 2 4 5 |  5.5
Shields        | 4 5 6 |  6.2
Maces & Flails | 2 3 |  3.1
Stealth        | 1 |  1.4
Throwing       | |  0.5

Action                   |  1- 3 |  4- 6 |  7- 9 | 10-12 || total
-------------------------+-------+-------+-------+-------++-------
Melee: Long sword        |   100 |   105 |       |       ||   205
       Whip              |       |     8 |   124 |       ||   132
       Double sword      |       |       |   164 |   109 ||   273
Throw: Stone             |     2 |       |       |       ||     2
       Javelin           |       |       |     4 |       ||     4
       Dart              |       |       |     7 |     2 ||     9
 Abil: Heal Wounds       |     4 |    11 |    15 |     5 ||    35
Evoke: Wand              |       |    12 |    42 |    21 ||    75
  Use: Scroll            |       |     4 |     9 |     6 ||    19
       Potion            |       |     3 |       |     7 ||    10
 Stab: Distracted        |       |       |     2 |       ||     2
Armor: Scale mail        |    69 |    80 |    73 |       ||   222
       Plate armour      |       |       |   157 |   107 ||   264
       Skin              |       |       |       |     2 ||     2
Dodge: Dodged            |    81 |    54 |   178 |    84 ||   397
       Repelled          |       |       |     1 |     1 ||     2
Block: Buckler           |    47 |    25 |    99 |    49 ||   220
